 Dungeon Crawl Stone Soup version 0.25-a0-62-g88673ef (webtiles) character file.

Game seed: 10052336201589639334, levelgen mode: deterministic

366467 Atlas the Sorcerer (level 21, -11/162 HPs)
             Began as a Mummy Necromancer on Oct 24, 2019.
             Was an Initiate of Gozag.
             Shot with an arrow by a deep elf master archer (21 damage)
             ... on level 3 of the Elven Halls on Oct 29, 2019.
             The game lasted 02:34:22 (71262 turns).

Atlas the Sorcerer (Mummy Necromancer)             Turns: 71262, Time: 02:34:23

Health: -11/162    AC: 15    Str: 17    XL:     21   Next: 60%
Magic:  9/46       EV: 17    Int: 33    God:    Gozag
Gold:   4784       SH:  8    Dex: 15    Spells: 41/62 levels left

rFire    + . .     SeeInvis +   L - +9 double sword
rCold    + + .     Gourm    .   M - +3 buckler {reflect}
rNeg     + + +     Faith    .   v - +4 ring mail of the Beekeeper {rF+ Str+2 Stlth+}
rPois    ∞         Spirit   .   l - -2 hat of the Alchemist {rElec rPois rF+ rC+ rN+ MR+ rMut rCorr}
rElec    +         Reflect  +   N - +2 cloak "Fanai" {rElec Int+7 Stlth+}
rCorr    +         Harm     .   A - +2 pair of gloves {Dex+3}
rMut     +                      q - +2 pair of boots "Juhuinu" {rN+ Slay+3}
MR       +++++                  (no amulet)
Stlth    ++++......             J - ring "Bareit" {rN++ Str+2 SInv}
HPRegen  0.37/turn              D - ring of the Mage {Wiz MR++ Int+3}
MPRegen  0.30/turn

@: corroded, gold aura
A: no food or potions, fire vulnerability, cold resistance 1, negative energy
resistance 3, torment resistance, unbreathing, in touch with death 1
}: 2/15 runes: decaying, serpentine
a: Potion Petition, Call Merchant, Bribe Branch, Renounce Religion


You were on level 3 of the Elven Halls.
You worshipped Gozag.
Gozag was most pleased with you.
You were not hungry.

You visited 8 branches of the dungeon, and saw 39 of its levels.
You visited 2 bazaars.
You also visited: Sewer.

You collected 17857 gold pieces.
You spent 6339 gold pieces at shops.
You paid 6734 gold pieces to Gozag.

Inventory:

Hand Weapons
 F - the +6 scimitar "Raguize" {freeze, rPois rN+ MR+ Stlth+}
   (You found it on level 1 of the Lair of Beasts)

   It has been specially enchanted to freeze those struck by it, causing extra
   injury to most foes and up to half again as much damage against particularly
   susceptible opponents.
   It can also slow down cold-blooded creatures.
   It protects you from poison.
   It protects you from negative energy.
   It affects your resistance to hostile enchantments.
   It makes you more stealthy.
 L - a +9 double sword (weapon)
Armour
 l - the -2 hat of the Alchemist (worn) {rElec rPois rF+ rC+ rN+ MR+ rMut rCorr}
   (You bought it in a shop on level 1 of the Vaults)

   It protects you from fire.
   It protects you from cold.
   It insulates you from electricity.
   It protects you from poison.
   It protects you from negative energy.
   It affects your resistance to hostile enchantments.
   It provides partial protection from all sources of acid and corrosion.
   It protects you from mutation.
 q - the +2 pair of boots "Juhuinu" (worn) {rN+ Slay+3}
   (You acquired it on level 4 of the Lair of Beasts)

   It affects your accuracy and damage with ranged weapons and melee attacks
   (+3).
   It protects you from negative energy.
 v - the +4 ring mail of the Beekeeper (worn) {rF+ Str+2 Stlth+}
   (You found it on level 12 of the Dungeon)

   It affects your strength (+2).
   It protects you from fire.
   It makes you more stealthy.
 A - a +2 pair of gloves of dexterity (worn)
 C - a scarf of repulsion
 M - a +3 buckler of reflection (worn)
 N - the +2 cloak "Fanai" (worn) {rElec Int+7 Stlth+}
   (You bought it in a shop on level 2 of the Lair of Beasts)

   It affects your intelligence (+7).
   It insulates you from electricity.
   It makes you more stealthy.
Jewellery
 n - the amulet of Makhleb's Whim {Spirit Int+3, unknown}
   (You found it on level 1 of the Elven Halls)

   [amulet of guardian spirit]

   It causes incoming damage to be split between your health and magic.
   It affects your intelligence (+3).
 B - a +3 ring of intelligence
 D - the ring of the Mage (right hand) {Wiz MR++ Int+3}
   (You found it on level 1 of the Lair of Beasts)

   [ring of wizardry]

   It improves your spell success rate.
   It affects your intelligence (+3).
   It affects your resistance to hostile enchantments.
 G - the ring "Plog" {MR+ Str+2 Stlth+}
   (You found it on level 2 of the Lair of Beasts)

   [ring of protection from magic]

   It affects your strength (+2).
   It affects your resistance to hostile enchantments.
   It makes you more stealthy.
 J - the ring "Bareit" (left hand) {rN++ Str+2 SInv}
   (You found it on level 2 of the Orcish Mines)

   [ring of see invisible]

   It affects your strength (+2).
   It greatly protects you from negative energy.
   It lets you see invisible.
Wands
 i - a wand of digging (19)
 j - a wand of iceblast (39)
 p - a wand of disintegration (7)
 s - a wand of scattershot (5)
 w - a wand of flame (40)
 K - a wand of acid (18)
Scrolls
 a - 4 scrolls of enchant armour
 b - 3 scrolls of immolation
 c - 8 scrolls of fear
 d - 2 scrolls of noise
 e - 23 scrolls of remove curse
 f - 7 scrolls of teleportation
 g - 2 scrolls of summoning
 h - 6 scrolls of fog
 k - 3 scrolls of amnesia
 m - 3 scrolls of enchant weapon
 o - 3 scrolls of vulnerability
 r - 2 scrolls of magic mapping
 t - a scroll of holy word
 y - 3 scrolls of silence
 z - 2 scrolls of blinking
 I - 7 scrolls of identify
Miscellaneous
 u - a phantom mirror
 x - 2 boxes of beasts
 E - a fan of gales


   Skills:
 + Level 13.0 Fighting
 - Level 14.0 Long Blades
   Level 9.2 Maces & Flails
 + Level 9.5 Armour
 + Level 9.5 Dodging
 - Level 3.7 Stealth
 - Level 4.0 Shields
 + Level 0.1 Unarmed Combat
 + Level 21.2 Spellcasting
 + Level 1.3 Conjurations
 + Level 17.4 Necromancy
 + Level 10.1 Earth Magic
 + Level 1.1 Evocations


You had 41 spell levels left.
You knew the following spells:

 Your Spells              Type           Power        Failure   Level  Hunger
a - Pain                  Necr           ####         0%          1    N/A
b - Dispel Undead         Necr           ########     1%          5    N/A
c - Vampiric Draining     Necr           ########..   0%          3    N/A
d - Borgnjor's Vile Clut  Necr/Erth      ########..   1%          5    N/A
e - Bolt of Draining      Conj/Necr      #######...   1%          5    N/A
f - Passwall              Tmut/Erth      ######..     1%          2    N/A

Your spell library contained the following spells:

 Spells                   Type           Power        Failure   Level  Hunger
 Animate Skeleton         Necr           N/A          0%          1    N/A
 Corpse Rot               Necr           N/A          0%          2    N/A
 Animate Dead             Necr           N/A          0%          4    N/A
 Apportation              Tloc           ####..       1%          1    N/A
 Confusing Touch          Hex            ####..       1%          1    N/A
 Infusion                 Chrm           ####         1%          1    N/A
 Magic Dart               Conj           ####         1%          1    N/A
 Shock                    Conj/Air       ####         1%          1    N/A
 Summon Small Mammal      Summ           ####         1%          1    N/A
 Blink                    Tloc           N/A          1%          2    N/A
 Call Imp                 Summ           ####....     1%          2    N/A
 Ensorcelled Hibernation  Hex/Ice        ####..       1%          2    N/A
 Searing Ray              Conj           #####.       1%          2    N/A
 Shroud of Golubria       Chrm/Tloc      ####..       1%          2    N/A
 Slow                     Hex            ####....     1%          2    N/A
 Song of Slaying          Chrm           ####....     1%          2    N/A
 Sticks to Snakes         Tmut           ####....     1%          2    N/A
 Swiftness                Chrm/Air       ####....     1%          2    N/A
 Call Canine Familiar     Summ           ####....     1%          3    N/A
 Conjure Flame            Conj/Fire      #####...     1%          3    N/A
 Dazzling Spray           Conj/Hex       #####.       1%          3    N/A
 Mephitic Cloud           Conj/Pois/Air  #####...     1%          3    N/A
 Spectral Weapon          Hex/Chrm       ####....     1%          3    N/A
 Static Discharge         Conj/Air       #####...     1%          3    N/A
 Summon Guardian Golem    Hex/Summ       ####....     1%          3    N/A
 Agony                    Necr           ########     1%          5    N/A
 Excruciating Wounds      Chrm/Necr      #######...   1%          5    N/A
 Lee's Rapid Deconstruct  Erth           #######...   1%          5    N/A
 Death Channel            Necr           ########..   1%          6    N/A
 Simulacrum               Ice/Necr       #######...   2%          6    N/A
 Throw Icicle             Conj/Ice       #####...     4%          4    N/A
 Airstrike                Air            ####......   6%          4    N/A
 Summon Ice Beast         Ice/Summ       ####....     6%          4    N/A
 Summon Lightning Spire   Summ/Air       ####....     6%          4    N/A
 Lightning Bolt           Conj/Air       #####.....   12%         5    N/A
 Metabolic Englaciation   Hex/Ice        ####......   16%         5    N/A
 Silence                  Hex/Air        ####......   16%         5    N/A
 Bolt of Cold             Conj/Ice       #####.....   52%         6    N/A
 Freezing Cloud           Conj/Ice/Air   #####.....   56%         6    N/A
 Darkness                 Hex            ####......   63%         6    N/A
 Ozocubu's Refrigeration  Ice            ####......   63%         6    N/A
 Shadow Creatures         Summ           N/A          63%         6    N/A
 Beastly Appendage        Tmut           Unusable     N/A         1    N/A
 Regeneration             Chrm/Necr      Unusable     N/A         3    N/A
 Spider Form              Tmut/Pois      Unusable     N/A         3    N/A
 Ice Form                 Ice/Tmut       Unusable     N/A         4    N/A
 Blade Hands              Tmut           Unusable     N/A         5    N/A

Dungeon Overview and Level Annotations

Branches:
Dungeon (15/15)            Temple (1/1) D:6            Lair (6/6) D:10
  Swamp (4/4) Lair:4        Snake (4/4) Lair:2        Slime (0/5) Lair:5
    Orc (2/2) D:10            Elf (3/3) Orc:2        Vaults (4/5) D:14
  Crypt (0/3) Vaults:3     Depths (0/5) D:15          Sewer (visited)

Altars:
Ashenzari
Cheibriados
Dithmenos
Elyvilon
Fedhas
Gozag
Hepliaklqana
Kikubaaqudgha
Makhleb
Nemelex Xobeh
Okawaru
Qazlal
Ru
Sif Muna
Trog
Uskayaw
Vehumet
Wu Jian
Xom
Yredelemnul
Zin
The Shining One
Beogh

Shops:
D:4 (   D:9 :   Orc:2 :*[*   Lair:2 =[   Lair:6 [   Swamp:3 ([   Snake:3 :
Vaults:1 [   Vaults:2 [

Portals:
Trove: Vaults:2 (give +2 storm dragon scales)

Annotations:
D:5 1 runed translucent door, Foxy's ghost, amateur FoAK


Innate Abilities, Weirdness & Mutations

You do not eat or drink.
Your flesh is vulnerable to fire.
You are immune to poison.
Your flesh is cold resistant. (rC+)
You are immune to negative energy. (rN+++)
You are immune to unholy pain and torment.
You can survive without breathing.
You are in touch with the powers of death.


Message History

The zombie hands constrict the deep elf master archer!
The deep elf master archer shoots an arrow.
The arrow hits you!!
* * * LOW HITPOINT WARNING * * *
Casting: Bolt of Draining (safe; 1% risk of failure)
Confirm with . or Enter, or press ? or * to list all spells.
Aiming: Bolt of Draining (safe; 1% risk of failure)
Press: ? - help, Shift-Dir - straight line, f/p - deep elf master archer
Aim: a deep elf master archer, wielding a +0 longbow and wearing a +0 leather armour (severely wounded, lightly drained, constricted by zombie hands)
You feel a surge of power!
The bolt of negative energy hits the deep elf master archer!!
The deep elf master archer is drained!
You kill the deep elf master archer!
A deep elf master archer comes into view.
The deep elf master archer shouts!
The deep elf master archer wields a +0 longbow.
The deep elf master archer shoots an arrow.
The arrow hits you!!
You die...
Your body crumbles into a pile of gold.

##'.......#
#..........
##..........
#..$........
#...........
#...........
#.#.........
#$#.........
.#(@.......#
###.#.......#
#$#########
#...$$..#
#.......$.....#
$....#$..#.....
....e..........
$$
.####.....####.
$$ $ ####### $$


You could see a deep elf master archer.

Vanquished Creatures
  Mara (Swamp:3)
  Vashnia (Snake:2)
  Bai Suzhen (Vaults:2)
  Saint Roka (Snake:2)
  Nikola (Swamp:4)
  A lich (Vaults:3)
  2 tentacled monstrosities
  Rupert (Orc:2)
  Jorgrun (Swamp:3)
  A deep elf blademaster (Elf:3)
  A deep elf master archer (Elf:3)
  A thorn hunter (Swamp:4)
  Agnes (D:15)
  Donald (Vaults:2)
  Roxanne (Swamp:3)
  7 nagarajas
  A fire giant (Vaults:4)
  A frost giant (Vaults:4)
  2 deep elf sorcerers (Elf:3)
  8 vault wardens
  13 ironheart preservers
  2 deep elf elementalists (Elf:3)
  An orc warlord (Orc:2)
  Louise (Elf:2)
  5 stone giants
  3 deep elf demonologists
  2 very ugly things (Vaults:3)
  Nessos (Orc:2)
  A vampire knight (Vaults:3)
  6 deep elf annihilators
  2 green deaths (Swamp:4)
  2 deep elf death magi
  2 ettins
  3 fire dragons
  Josephine (Snake:1)
  7 yaktaur captains
  2 great orbs of eyes
  3 ice dragons
  19 naga warriors
  3 rakshasas
  15 hydras
  4 catoblepae
  7 vault guards
  6 centaur warriors
  7 alligators
  18 anacondas
  2 death yaks (D:10)
  3 shambling mangroves
  2 death knights
  32 two-headed ogres
  A two-headed ogre (shapeshifter) (Vaults:2)
  10 ogre magi
  A thrashing horror (Swamp:4)
  Urug (Lair:6)
  5 orc high priests (Orc:2)
  A vampire mage (D:15)
  Nergalle (D:9)
  14 naga sharpshooters
  Sonja (D:11)
  8 shock serpents
  17 deep elf knights
  4 wizards
  8 salamander mystics
  2 spriggan druids
  A glowing orange brain (Vaults:3)
  11 swamp dragons
  A death drake (shapeshifter) (Vaults:4)
  A skeletal warrior (D:15)
  2 flayed ghosts
  6 naga ritualists
  7 unseen horrors
  50 deep elf magi
  4 deep elf archers
  A lindwurm (shapeshifter) (D:14)
  6 lindwurms
  Pikel (D:9)
  18 orc knights
  8 ironbrand convokers
  3 oklob plants
  25 ugly things
  2 wolf spiders
  A tengu skeleton (Vaults:4)
  7 necromancers
  16 mana vipers
  8 orc sorcerers
  A frost giant zombie (D:15)
  7 cyclopes
  3 manticores
  5 salamanders
  A faun (shapeshifter) (Vaults:1)
  21 elephants
  A guardian serpent (shapeshifter) (Vaults:3)
  A fire giant skeleton (D:15)
  Maurice (D:12)
  32 black mambas
  27 naga magi
  5 vault sentinels
  2 orange demons (Swamp:4)
  7 guardian serpents
  A spiny frog (shapeshifter) (Vaults:2)
  6 torpor snails (Lair:6)
  20 spiny frogs
  5 komodo dragons
  2 centaur skeletons (D:15)
  2 kobold demonologists (D:12)
  A catoblepas skeleton (D:12)
  6 freezing wraiths
  5 rime drakes
  28 yaktaurs
  A guardian mummy (D:15)
  2 tengu conjurers (D:15)
  7 trolls
  25 hornets
  10 tyrant leeches
  A sphinx simulacrum (Vaults:4)
  A tengu simulacrum (Vaults:3)
  18 bog bodies
  37 slime creatures
  Prince Ribbit (D:9)
  A frost giant simulacrum (Vaults:4)
  12 hippogriffs
  6 dream sheep
  A hippogriff (shapeshifter) (D:15)
  A fire dragon zombie (D:15)
  A meliai zombie (D:14)
  A dream sheep (shapeshifter) (Vaults:2)
  An ice dragon zombie (D:15)
  26 blink frogs
  3 air elementals
  4 shadows
  6 spriggans
  A water elemental (Elf:2)
  A tarantella (shapeshifter) (Elf:1)
  5 wyverns
  6 fire elementals
  18 yaks
  A basilisk (shapeshifter) (Vaults:1)
  13 wraiths
  A golden eye (shapeshifter) (Vaults:4)
  3 human simulacra
  3 large abominations
  3 basilisks
  17 vampire mosquitoes
  2 hungry ghosts (D:10)
  A human zombie (D:12)
  6 wargs
  13 insubstantial wisps
  44 nagas
  A soldier ant (D:14)
  17 swamp worms
  6 acid dragons
  Duvessa (D:7)
  A two-headed ogre skeleton (D:12)
  A human skeleton (D:12)
  4 porcupines
  6 swamp drakes
  6 water moccasins
  4 black bears
  A hornet zombie (D:12)
  63 orc warriors
  3 sky beasts
  An ice beast (D:9)
  An ettin simulacrum (Vaults:3)
  38 ogres
  3 boggarts (D:13)
  An eye of draining (D:15)
  2 manticore zombies
  A necrophage (D:9)
  3 phantoms
  3 wolves (Lair:4)
  An eye of draining (shapeshifter) (Vaults:3)
  21 centaurs
  12 crocodiles
  7 big kobolds
  3 elf zombies (Elf:1)
  A hippogriff zombie (D:11)
  26 bullfrogs
  2 earth elementals
  Dowan (D:7)
  A cyclops zombie (D:13)
  A wyvern skeleton (D:11)
  4 scorpions
  A troll zombie (D:12)
  9 killer bees (D:8)
  A wight (Vaults:3)
  2 electric eels
  4 bullfrog zombies
  7 crimson imps
  6 centaur zombies
  5 hounds
  3 kobold zombies (D:12)
  37 orc priests
  6 jellies
  27 orc wizards
  7 bullfrog skeletons
  3 iguanas
  10 worker ants
  2 hell rats (D:10)
  2 ogre zombies (D:12)
  An acid dragon zombie (D:11)
  2 hound zombies
  A hound skeleton (D:5)
  4 worker ant zombies
  8 gnolls
  26 adders
  5 river rats
  2 orc skeletons (D:12)
  2 shadow imps
  3 oozes
  An adder skeleton (D:4)
  2 adder zombies (D:12)
  2 worms
  4 leopard geckos
  166 orcs
  A ball python (D:3)
  A bat skeleton (D:13)
  6 giant cockroaches
  6 goblins
  6 hobgoblins
  19 jackals
  5 quokkas
  8 bats
  6 frilled lizards
  A frilled lizard skeleton (D:12)
  A giant cockroach zombie (D:5)
  A jackal skeleton (D:7)
  34 kobolds
  A kobold skeleton (D:12)
  2 leopard gecko skeletons
  5 orc zombies
  A quokka skeleton (D:4)
  A quokka zombie (D:6)
  13 rats
  A bush (Lair:4)
  4 fungi
  10 plants
  A withered plant (D:15)
1699 creatures vanquished.

Vanquished Creatures (others)
  29 dancing weapons
  2 two-headed ogres (D:9)
  A deep elf knight (Elf:2)
  4 deep elf magi
  An ugly thing (Swamp:4)
  A naga mage (Snake:1)
  5 yaktaurs
  An insubstantial wisp (Swamp:3)
  3 slaves (D:9)
  An orc warrior (D:9)
  An ogre (Vaults:4)
  A centaur (D:9)
  A worker ant (D:9)
  A gnoll (D:9)
  3 orcs (D:9)
  2 jackals (D:9)
  28 fungi
  17 plants
  A withered plant (D:15)
103 creatures vanquished.

Grand Total: 1802 creatures vanquished

Notes
Turn   | Place    | Note
-------+----------+-------------------------------------------
     0 | D:1      | Atlas the Mummy Necromancer began the quest for the Orb.
     0 | D:1      | Reached XP level 1. HP: 13/13 MP: 4/4
   224 | D:1      | Reached XP level 2. HP: 8/19 MP: 0/5
   438 | D:1      | Reached skill level 3 in Spellcasting
  1308 | D:2      | Upgraded the game from 0.25-a0-51-gc466198 to
                  | 0.25-a0-56-g68f8618
  1315 | D:2      | Reached XP level 3. HP: 14/24 MP: 1/7
  1542 | D:2      | Learned a level 3 spell: Vampiric Draining
  1864 | D:2      | Reached skill level 4 in Spellcasting
  1872 | D:2      | Reached XP level 4. HP: 14/30 MP: 0/10
  2204 | D:2      | Upgraded the game from 0.25-a0-56-g68f8618 to
                  | 0.25-a0-59-gf342c8b
  2307 | D:2      | Reached skill level 5 in Necromancy
  2902 | D:3      | Reached XP level 5. HP: 35/35 MP: 9/11
  3633 | D:3      | Reached skill level 5 in Spellcasting
  4128 | D:4      | Found Atzyluen's Antique Weapon Boutique.
  4141 | D:4      | Bought an ancient mace for 144 gold pieces
  4141 | D:4      | Identified the +9 mace of the Final Decision {flame, rF-
                  | Int+3 SInv} (You bought it in a shop on level 4 of the
                  | Dungeon)
  4359 | D:4      | Reached XP level 6. HP: 32/42 MP: 7/13
  4817 | D:4      | Found a sparkling altar of Nemelex Xobeh.
  5032 | D:5      | Entered Level 5 of the Dungeon
  5039 | D:5      | Reached skill level 1 in Maces & Flails
  5039 | D:5      | Reached skill level 1 in Armour
  5066 | D:5      | Reached skill level 1 in Fighting
  5141 | D:5      | Found a snail-covered altar of Cheibriados.
  5141 | D:5      | Found an ornate altar of the Wu Jian Council.
  5175 | D:5      | Found a runed translucent door.
  5175 | D:5      | Noticed Foxy's ghost (amateur FoAK)
  5300 | D:5      | Reached XP level 7. HP: 20/48 MP: 5/15
  5774 | D:5      | Found a blossoming altar of Fedhas.
  6241 | D:6      | Found a glowing drain.
  6245 | Sewer    | Entered a sewer
  6555 | Sewer    | Found a white marble altar of Elyvilon.
  6679 | D:6      | Reached skill level 6 in Spellcasting
  6702 | D:6      | Reached XP level 8. HP: 32/54 MP: 5/17
  7570 | D:6      | Found a staircase to the Ecumenical Temple.
  7731 | Temple   | Entered the Ecumenical Temple
  8137 | Temple   | Became a worshipper of Kikubaaqudgha
  8183 | D:6      | Found a glowing silver altar of Zin.
  8968 | D:7      | Noticed a hippogriff
  8981 | D:7      | Killed a hippogriff
  9192 | D:7      | Reached skill level 7 in Spellcasting
  9192 | D:7      | Reached XP level 9. HP: 32/62 MP: 1/19
  9730 | D:7      | Noticed Duvessa
  9732 | D:7      | Noticed Dowan
  9743 | D:7      | Killed Duvessa
  9759 | D:7      | Killed Dowan
 10003 | D:8      | Reached * piety under Kikubaaqudgha
 10003 | D:8      | Identified Kikubaaqudgha's Collected Works on Stolen Souls
                  | (Kikubaaqudgha gifted it to you on level 8 of the Dungeon)
 10003 | D:8      | Received a gift from Kikubaaqudgha
 10294 | D:8      | Reached skill level 5 in Maces & Flails
 10787 | D:8      | Reached skill level 8 in Spellcasting
 11988 | D:9      | Killed a two-headed ogre
 12018 | D:9      | Found Igynas's Book Boutique.
 12049 | D:9      | Noticed a two-headed ogre
 12054 | D:9      | Noticed an elephant
 12054 | D:9      | a two-headed ogre changed into an elephant
 12066 | D:9      | Killed an elephant
 12066 | D:9      | Reached XP level 10. HP: 46/70 MP: 2/22
 12168 | D:9      | Killed a two-headed ogre
 12221 | D:9      | Noticed a deep elf mage
 12222 | D:9      | Noticed Prince Ribbit
 12222 | D:9      | Found a shimmering altar of Xom.
 12264 | D:9      | Killed a deep elf mage
 12407 | D:9      | Killed Prince Ribbit
 12407 | D:9      | Reached ** piety under Kikubaaqudgha
 12618 | D:9      | Noticed Pikel
 12648 | D:9      | Killed Pikel
 12648 | D:9      | Reached skill level 9 in Spellcasting
 13272 | D:9      | Found an opulent altar of Gozag.
 13524 | D:10     | Entered Level 10 of the Dungeon
 14271 | D:10     | Noticed a two-headed ogre
 14280 | D:10     | a two-headed ogre changed into a dream sheep
 14931 | D:10     | Killed an unseen horror
 14931 | D:10     | Reached skill level 5 in Dodging
 14931 | D:10     | Reached skill level 10 in Spellcasting
 15057 | D:10     | Found a staircase to the Orcish Mines.
 15385 | D:10     | Noticed a death yak
 15385 | D:10     | Noticed a death yak
 15385 | D:10     | Noticed an unseen horror
 15421 | D:10     | Killed a death yak
 15421 | D:10     | Reached XP level 11. HP: 22/78 MP: 6/25
 15688 | D:10     | Noticed Nergalle
 15830 | D:9      | Killed Nergalle
 16017 | D:10     | Killed an unseen horror
 16017 | D:10     | Reached *** piety under Kikubaaqudgha
 16017 | D:10     | Identified Kikubaaqudgha's Reference Book on Unholy Secrets
                  | (Kikubaaqudgha gifted it to you on level 10 of the Dungeon)
 16017 | D:10     | Received a gift from Kikubaaqudgha
 16191 | D:9      | Learned a level 5 spell: Dispel Undead
 16197 | D:9      | Learned a level 5 spell: Borgnjor's Vile Clutch
 16258 | D:10     | Found a staircase to the Lair.
 16423 | D:9      | Fell from the grace of Kikubaaqudgha
 16423 | D:9      | Became a worshipper of Gozag Ym Sagoz the Greedy
 16933 | D:11     | Found a glowing golden altar of the Shining One.
 16970 | D:11     | Reached skill level 5 in Fighting
 17138 | D:11     | Found a shattered altar of Ashenzari.
 17460 | D:11     | Noticed Sonja
 17466 | D:11     | Killed Sonja
 17715 | D:11     | Noticed a reaper
 18281 | D:12     | Noticed a cyan ugly thing
 18307 | D:12     | Killed a white ugly thing
 18307 | D:12     | Reached skill level 1 in Earth Magic
 18562 | D:12     | Noticed a centaur warrior
 18565 | D:12     | Noticed a soul eater
 18572 | D:12     | Killed a centaur warrior
 18572 | D:12     | Reached skill level 11 in Spellcasting
 18886 | D:12     | Got a black opal-encrusted ring mail
 18897 | D:12     | Identified the +4 ring mail of the Beekeeper {rF+ Str+2
                  | Stlth+} (You found it on level 12 of the Dungeon)
 18899 | D:12     | Noticed Maurice
 18911 | D:12     | Killed Maurice
 18911 | D:12     | Reached skill level 10 in Necromancy
 19070 | D:12     | Noticed a soul eater
 19136 | D:12     | Noticed a reaper
 19543 | D:12     | Noticed a two-headed ogre
 19552 | D:12     | Killed a two-headed ogre
 19657 | D:12     | Noticed a soul eater
 20476 | D:13     | Noticed a four-headed hydra
 20486 | D:13     | Killed a four-headed hydra
 20486 | D:13     | Reached XP level 12. HP: 86/86 MP: 7/27
 20501 | D:13     | Found a flickering gateway to a bazaar.
 20507 | Bazaar   | Entered a bazaar
 20585 | Bazaar   | Found Wocoagol's Antique Armour Boutique.
 20603 | Bazaar   | Found Zisma's Antique Armour Emporium.
 20620 | Bazaar   | Found Ufegof's General Store.
 20625 | Bazaar   | Bought a scroll of teleportation for 45 gold pieces
 20625 | Bazaar   | Bought a scroll of fear for 52 gold pieces
 20637 | Bazaar   | Found Fuexzuz's Antique Weapon Shoppe.
 20659 | Bazaar   | Bought a crude ring mail for 252 gold pieces
 20669 | Bazaar   | Identified the +1 ring mail "Finuu" {rCorr Str+6} (You
                  | bought it in a shop in a bazaar)
 20816 | D:13     | Noticed a rakshasa
 21028 | D:12     | Learned a level 5 spell: Bolt of Draining
 21037 | D:13     | Killed a rakshasa
 21272 | D:12     | Noticed a reaper
 21765 | D:10     | Noticed a death yak
 21779 | D:10     | Killed a death yak
 22311 | D:13     | Reached skill level 12 in Spellcasting
 22481 | D:13     | Noticed a four-headed hydra
 22496 | D:13     | Killed a four-headed hydra
 22496 | D:13     | Reached skill level 5 in Armour
 23674 | D:13     | Was forgiven by Kikubaaqudgha
 24085 | D:13     | Noticed a two-headed ogre
 24497 | D:14     | Found a gate to the Vaults.
 24497 | D:14     | Noticed a two-headed ogre
 24499 | D:14     | Noticed a two-headed ogre
 24516 | D:14     | Killed a two-headed ogre
 24537 | D:14     | Noticed an ogre mage
 24549 | D:14     | Killed an ogre mage
 24816 | D:14     | Killed a two-headed ogre
 25021 | D:14     | Noticed a centaur warrior
 25084 | D:14     | Killed a centaur warrior
 25324 | D:14     | Gained mutation: You are in touch with the powers of death.
                  | [Mummy growth]
 25324 | D:14     | Reached XP level 13. HP: 67/93 MP: 29/29
 25513 | D:14     | Reached skill level 13 in Spellcasting
 26429 | D:14     | Found a white marble altar of Elyvilon.
 26962 | D:15     | Entered Level 15 of the Dungeon
 27948 | D:15     | Reached skill level 14 in Spellcasting
 27960 | D:15     | Found a staircase to the Depths.
 28286 | D:15     | Noticed Agnes
 28299 | D:15     | Killed Agnes
 29304 | D:15     | Reached XP level 14. HP: 32/101 MP: 11/32
 29865 | Lair:1   | Entered Level 1 of the Lair of Beasts
 30127 | Lair:1   | Found the ring of the Mage {Wiz MR++ Int+3}
 30144 | Lair:1   | Got an iridescent trident
 30180 | Lair:1   | Identified the +6 trident "Qoun" {pierce, Dex+3} (You found
                  | it on level 1 of the Lair of Beasts)
 30420 | Lair:1   | Identified the +6 scimitar "Raguize" {freeze, rPois rN+ MR+
                  | Stlth+} (You found it on level 1 of the Lair of Beasts)
 31052 | Lair:2   | Reached skill level 1 in Shields
 31364 | Lair:2   | Got a slimy tin ring
 31365 | Lair:2   | Identified the ring "Plog" {MR+ Str+2 Stlth+} (You found it
                  | on level 2 of the Lair of Beasts)
 31384 | Lair:2   | Reached skill level 1 in Long Blades
 31471 | Lair:2   | Found a staircase to the Snake Pit.
 31671 | Lair:2   | Bought an uncursed amulet of regeneration for 510 gold
                  | pieces
 32092 | Lair:3   | Identified the +7 whip of Viuqydoe {freeze, rF+} (You found
                  | it on level 3 of the Lair of Beasts)
 33568 | Lair:4   | Found a staircase to the Swamp.
 33689 | Lair:5   | Found a shimmering altar of Xom.
 33780 | Lair:5   | Found a staircase to the Slime Pits.
 33934 | Lair:5   | Reached skill level 15 in Spellcasting
 34886 | Lair:6   | Entered Level 6 of the Lair of Beasts
 34921 | Lair:6   | Reached skill level 5 in Earth Magic
 35301 | Lair:6   | Noticed Urug
 35354 | Lair:6   | Killed Urug
 35354 | Lair:6   | Reached skill level 5 in Long Blades
 35507 | Lair:6   | Reached XP level 15. HP: 110/110 MP: 24/34
 35717 | Lair:6   | Found a runed translucent door.
 37260 | Lair:6   | Bought a pair of glowing boots for 180 gold pieces
 37260 | Lair:6   | Bought a shiny buckler for 180 gold pieces
 37386 | Orc:1    | Entered Level 1 of the Orcish Mines
 37563 | Orc:1    | Found a roughly hewn altar of Beogh.
 37974 | Orc:2    | Entered Level 2 of the Orcish Mines
 37974 | Orc:2    | Noticed Nessos
 37986 | Orc:2    | Killed Nessos
 38109 | Orc:2    | Found a roughly hewn altar of Beogh.
 38353 | Orc:2    | Found Puat's Book Boutique.
 38447 | Orc:2    | Found Peocyrag's General Store.
 38460 | Orc:2    | Bought a +2 pair of gloves of dexterity for 279 gold pieces
 38722 | Orc:2    | Reached skill level 16 in Spellcasting
 39251 | Orc:2    | Found a staircase to the Elven Halls.
 39358 | Orc:2    | Got a glittering steel ring
 39363 | Orc:2    | Identified the ring "Bareit" {rN++ Str+2 SInv} (You found
                  | it on level 2 of the Orcish Mines)
 39448 | Orc:2    | Noticed Rupert
 39449 | Orc:2    | Found Haohok's Assorted Antiques.
 39498 | Orc:2    | Killed Rupert
 39600 | Orc:2    | Found a roughly hewn altar of Beogh.
 39630 | Orc:2    | Noticed an orc warlord
 39654 | Orc:2    | Killed an orc warlord
 40037 | Orc:2    | Found Fiydd's Armour Shoppe.
 40576 | Lair:2   | Bought the +2 cloak "Fanai" {rElec Int+7 Stlth+} for 828
                  | gold pieces
 40590 | Snake:1  | Entered Level 1 of the Snake Pit
 40600 | Snake:1  | Reached XP level 16. HP: 115/119 MP: 36/36
 41620 | Snake:1  | Noticed Josephine
 41658 | Snake:1  | Killed Josephine
 43269 | Snake:2  | Noticed Saint Roka
 43284 | Snake:2  | Killed Saint Roka
 43643 | Snake:2  | Noticed Vashnia
 43656 | Snake:2  | Killed Vashnia
 44462 | Snake:3  | Found Hiycsamu's Book Boutique.
 44473 | Snake:3  | Reached skill level 17 in Spellcasting
 44767 | Snake:3  | Found a radiant altar of Vehumet.
 45030 | Snake:4  | Entered Level 4 of the Snake Pit
 45041 | Snake:4  | Reached XP level 17. HP: 66/127 MP: 24/38
 45767 | Snake:4  | Upgraded the game from 0.25-a0-59-gf342c8b to
                  | 0.25-a0-62-g88673ef
 45802 | Snake:4  | Identified the Grimoire of Flying Earth
 45981 | Snake:4  | Learned a level 2 spell: Passwall
 46047 | Snake:4  | Reached skill level 10 in Fighting
 46301 | Snake:4  | Reached skill level 10 in Long Blades
 47856 | Snake:4  | Reached skill level 18 in Spellcasting
 48245 | Snake:4  | Reached skill level 15 in Necromancy
 48939 | Snake:4  | Reached XP level 18. HP: 136/136 MP: 35/40
 48972 | Snake:4  | Got a serpentine rune of Zot
 49489 | Lair:4   | Identified a scroll of acquirement
 49493 | Lair:4   | Got a pair of distressingly furry boots
 49504 | Lair:4   | Identified the +2 pair of boots "Juhuinu" {rN+ Slay+3} (You
                  | acquired it on level 4 of the Lair of Beasts)
 49510 | Swamp:1  | Entered Level 1 of the Swamp
 50870 | Swamp:2  | Noticed a tentacled monstrosity
 51255 | Swamp:2  | Killed a tentacled monstrosity
 51984 | Swamp:2  | Identified the +8 dagger of Dismay {pain, Dex+3} (You found
                  | it on level 2 of the Swamp)
 52575 | Swamp:3  | Reached skill level 1 in Evocations
 52783 | Swamp:3  | Noticed Roxanne
 52793 | Swamp:3  | Killed Roxanne
 52899 | Swamp:3  | Noticed Jorgrun
 52910 | Swamp:3  | Killed Jorgrun
 53173 | Swamp:3  | Bought a faintly humming helmet for 323 gold pieces
 53183 | Swamp:3  | Identified the cursed -5 helmet of Okawaru's Delight
                  | {Int+3} (You bought it in a shop on level 3 of the Swamp)
 53215 | Swamp:3  | Identified the Collected Works on the Damaging Birds
 53607 | Swamp:3  | Noticed Mara
 53627 | Swamp:3  | Noticed Atlas's illusion
 53741 | Swamp:3  | Killed Mara
 54005 | Swamp:4  | Entered Level 4 of the Swamp
 55477 | Swamp:4  | Noticed a tentacled monstrosity
 56224 | Swamp:4  | Noticed Nikola
 56239 | Swamp:4  | Killed Nikola
 56319 | Swamp:4  | Killed a tentacled monstrosity
 56440 | Swamp:4  | Learned a level 1 spell: Apportation
 56557 | Swamp:4  | Reached skill level 19 in Spellcasting
 56948 | Swamp:4  | Reached XP level 19. HP: 143/143 MP: 17/42
 57125 | Swamp:4  | Got a decaying rune of Zot
 57501 | Vaults:1 | Entered Level 1 of the Vaults
 57506 | Vaults:1 | Reached skill level 1 in Conjurations
 57739 | Vaults:1 | Found Hast's Antique Armour Emporium.
 57776 | Vaults:1 | Bought the -2 hat of the Alchemist {rElec rPois rF+ rC+ rN+
                  | MR+ rMut rCorr} for 1746 gold pieces
 57776 | Vaults:1 | Found the -2 hat of the Alchemist {rElec rPois rF+ rC+ rN+
                  | MR+ rMut rCorr}
 58139 | Vaults:1 | Found the +6 arbalest "Damnation" {damnation}
 59681 | Vaults:2 | Got a polished cloak
 59692 | Vaults:2 | Identified the +0 cloak of the Bulwark {rF- MR+ Str+6
                  | Int+4} (You acquired it on level 2 of the Vaults)
 60539 | Vaults:2 | Found Teal's Antique Armour Boutique.
 60576 | Vaults:2 | Bought a runed scarf for 296 gold pieces
 60576 | Vaults:2 | Bought a glowing scarf for 296 gold pieces
 61178 | Vaults:2 | Noticed Bai Suzhen
 61178 | Vaults:2 | Noticed Donald
 61643 | Vaults:2 | Found a portal to a secret trove of treasure.
 61770 | Vaults:2 | Paralysed by a floating eye for 3 turns
 62325 | Vaults:2 | Killed Bai Suzhen
 62471 | Vaults:2 | Killed Donald
 63020 | Vaults:3 | Reached XP level 20. HP: 148/152 MP: 32/43
 63146 | Vaults:3 | Found a staircase to the Crypt.
 63443 | Vaults:3 | Reached skill level 20 in Spellcasting
 67778 | Elf:1    | Entered Level 1 of the Elven Halls
 68405 | Elf:1    | Got a slimy garnet amulet
 68566 | Elf:1    | Reached XP level 21. HP: 77/160 MP: 35/45
 68922 | Elf:1    | Identified Kikubaaqudgha's Volume of Evil Magic
 69058 | Elf:2    | Found a flickering gateway to a bazaar.
 69103 | Bazaar   | Entered a bazaar
 69103 | Bazaar   | Found Ygidem's Gadget Shop.
 69103 | Bazaar   | Found Qeqiareb's General Store.
 69103 | Bazaar   | Found Potulimyfoq's Assorted Antiques.
 69103 | Bazaar   | Found Hice's Book Boutique.
 69103 | Bazaar   | Found Samam's General Store.
 69316 | Bazaar   | Bought a scroll of teleportation for 66 gold pieces
 69324 | Bazaar   | Bought a wand of acid (8) for 264 gold pieces
 69324 | Bazaar   | Bought a wand of iceblast (7) for 121 gold pieces
 69324 | Bazaar   | Bought a wand of iceblast (8) for 132 gold pieces
 69324 | Bazaar   | Bought a wand of acid (8) for 264 gold pieces
 69326 | Bazaar   | Bought a phantom mirror for 330 gold pieces
 69336 | Bazaar   | Bought a scroll of fear for 31 gold pieces
 69804 | Elf:2    | Found a runed translucent gate.
 69804 | Elf:2    | Found a runed translucent gate.
 69804 | Elf:2    | Found a runed translucent gate.
 69829 | Elf:2    | Noticed Louise
 69842 | Elf:2    | Killed Louise
 70497 | Elf:2    | Reached skill level 21 in Spellcasting
 70896 | Elf:3    | Entered Level 3 of the Elven Halls
 71180 | Elf:3    | Reached skill level 10 in Earth Magic
 71262 | Elf:3    | Shot with an arrow by a deep elf master archer

Levels and vault maps discovered:
D:1:      minmay_arrival_wavy_path, layout_basic, hangedman_decor_lopped
D:2:      layout_loops_corners, first_ration, minmay_misc_feat_pillars
D:3:      layout_basic, corexii_shack
D:4:      layout_basic, kennysheep_mini, serial_shops,
          nicolae_shop_overgrown_old_shop, serial_glass, glass_columns_a,
          glass_columns_c, kennysheep_small_circle
D:5:      layout_cave_pools, fedhas_ov_isle_minmay,
          chequers_temple_overflow_statue_of_worship,
          hellmonk_ghost_happy_afterlife
D:6:      layout_basic, zin_statuary, minmay_temple_entry_glassed_door,
          gup_sewer_entry_spiral
D:7:      layout_basic, minmay_misc_feat_plants, uniq_duvessa
D:8:      layout_loops_corners
D:9:      layout_cave_pods, xom_confusion_cloud, nicolae_overflow_hidden_temple,
          serial_shops, kennysheep_mini_moat, uniq_pikel, uniq_prince_ribbit1
D:10:     layout_big_octagon, dpeg_lair_monsters, david_orc_2, uniq_nergalle
D:11:     layout_basic, hangedman_feature_mirror, uniq_sonja
D:12:     layout_stronghold, uniq_maurice
D:13:     minmay_stone_box, layout_irregular_city, serial_shops, bzr_entry_safe
D:14:     layout_small_grid, david_vaults_2, elyvilon_altar_3,
          hangedman_pestilent_swarm
D:15:     gammafunk_depths_entry_grave, layout_irregular_city, minivault_27,
          hangedman_decor_riveting, uniq_agnes
Temple:   regret_index_temple_generic_petals
Lair:1:   minmay_lair_venomous_thicket, layout_regular_city, st_stairs_12, pond,
          serial_bayou_shore_b
Lair:2:   layout_misc_corridors, guppyfry_snake_entry_garden
Lair:3:   layout_cave_shapes, serial_bayou_shore_b, serial_bayou_shore_a,
          serial_bayou_shore_b, grunt_megastairs_2
Lair:4:   layout_loops_ring, palyth_hydra_swamp_entry, grunt_megastairs_1,
          lemuel_fruit_fields
Lair:5:   beast_lair_carwin_large_4, layout_regular_city,
          nicolae_slime_entry_slimehenge, basic_altar
Lair:6:   wormcave, layout_gridlike, hangedman_lair_in_review,
          chequers_serial_rivers_small_a, minmay_lair_oklob_chamber, uniq_urug
Swamp:1:  layout_falls_marsh, evilmike_swamp_ruin_house_3,
          nicolae_swamp_alligator_family, infiniplex_staircase_pool_2
Swamp:2:  layout_basic_swamp, evilmike_swamp_ruin_rubble_2, swamp_pool3,
          infiniplex_staircase_pool
Swamp:3:  layout_basic_swamp, evilmike_swamp_ruin_house_5, uniq_roxanne,
          uniq_mara, uniq_jorgrun
Swamp:4:  swamp_vile, layout_basic_swamp, swamp_pool3, water_boxes_lemuel,
          uniq_nikola
Snake:1:  layout_honeycomb, uniq_josephine
Snake:2:  layout_honeycomb, uniq_vashnia, uniq_saint_roka
Snake:3:  layout_onion, serial_shops, shop, lemuel_oklob_altar,
          lemuel_fruit_tree, serial_bayou_shore_b
Snake:4:  snake_pit_salamanders_mu, layout_gridlike
Orc:1:    layout_caves, mines1_david
Orc:2:    pubby_orc_utopia, uniq_rupert, uniq_nessos
Elf:1:    elf_arrival_001, layout_geoelf_octagon, minmay_elf_necromancy
Elf:2:    layout_rooms, serial_shops, bzr_entry_water, uniq_louise
Elf:3:    minmay_elf_hall_furrowed, layout_geoelf_grid, hangedman_elven_ridges
Vaults:1: vaults_dpeg_doors, ontoclasm_vaults_twist, v_misc_22,
          hangedman_vaults_corner_blocks, ontoclasm_vaults_idyll,
          vaults_dpeg_hooks, nicolae_vaults_yaktaur_gun_rack,
          vaults_standard_mumra_x, hangedman_vaults_trim,
          layout_vaults_big_room, serial_shops, nicolae_shop_statue_plus
Vaults:2: ontoclasm_vaults_hangar, nicolae_vaults_octagons,
          ontoclasm_vaults_ligature, v_misc_29, grunt_vaults_swirl, v_misc_12,
          nicolae_vaults_diagonal_hallway_8, nicolae_vaults_circle_grid_a,
          vaults_dpeg_spiral, v_alt_pattern_1, v_misc_23,
          nicolae_vaults_network_s, vaults_room_grid, vaults_room_grid,
          v_misc_5, layout_vaults_omnibox, enter_trove_2, serial_shops,
          nicolae_shop_overgrown_old_shop, uniq_bai_suzhen, uniq_donald
Vaults:3: hangedman_vaults_stitches, minmay_crypt_entry_simple_corners,
          nicolae_vaults_what_the_h, nicolae_vaults_mini_display_case,
          nicolae_vaults_disjoint_gnomons, hangedman_vaults_snaps, v_pattern_5,
          vaults_room_hallway, nicolae_vaults_theta, v_misc_16,
          ontoclasm_vaults_decontamination, v_misc_13,
          grunt_vaults_hallway_short, layout_vaults_omnicross
Vaults:4: vaults_room_door_ring, nicolae_vaults_an_arrangement,
          vaults_room_fancy_cross, vaults_room_hallway, ontoclasm_vaults_tryst,
          hangedman_vaults_capsules, layout_vaults_omnigrid

Skill      XL: |  1  2  3  4  5  6  7  8  9 10 11 12 13 14 15 16 17 18 19 20 21 |
---------------+----------------------------------------------------------------+-----
Spellcasting   | 3 4 5 6 7 8 10 11 12 14 15 16 17 18 19 20 21 | 21.2
Necromancy     | 5 6 7 8 10 11 12 13 14 15 16 17 | 17.4
Stealth        | 2 3 |  3.7
Maces & Flails | 1 2 4 5 6 7 8 9 |  9.2
Armour         | 1 2 3 4 5 6 7 8 9 |  9.5
Fighting       | 1 2 3 4 5 6 7 8 9 10 11 12 13 | 13.0
Dodging        | 2 3 4 5 6 7 8 9 |  9.5
Earth Magic    | 2 3 4 5 6 7 8 9 10 | 10.1
Shields        | 1 2 4 |  4.0
Long Blades    | 5 7 9 10 11 12 13 14 | 14.0
Evocations     | 1 |  1.1
Conjurations   | 1 |  1.3
Unarmed Combat | |  0.1

Action                   |  1- 3 |  4- 6 |  7- 9 | 10-12 | 13-15 | 16-18 | 19-21 || total
-------------------------+-------+-------+-------+-------+-------+-------+-------++-------
Melee: Unarmed           |    21 |       |       |       |       |       |       ||    21
       Dagger            |       |     3 |       |       |       |       |       ||     3
       Mace              |       |   144 |   750 |   804 |   256 |       |       ||  1954
       Scimitar          |       |       |       |       |   604 |       |       ||   604
       Double sword      |       |       |       |       |   148 |   881 |   960 ||  1989
 Cast: Pain              |    61 |    82 |    49 |   100 |    17 |     5 |       ||   314
       Vampiric Draining |       |    14 |    77 |   103 |   104 |    99 |    69 ||   466
       Borgnjor's Vile C |       |       |       |    56 |   128 |   190 |   148 ||   522
       Dispel Undead     |       |       |       |    30 |    18 |     9 |     8 ||    65
       Bolt of Draining  |       |       |       |       |     6 |    35 |    25 ||    66
       Apportation       |       |       |       |       |       |     1 |       ||     1
Invok: Potion Petition   |       |       |       |     1 |     1 |     4 |     1 ||     7
       Call Merchant     |       |       |       |       |     3 |     2 |       ||     5
Evoke: Wand              |       |       |     1 |    14 |       |     5 |       ||    20
  Use: Scroll            |       |       |    10 |    10 |    12 |     9 |    13 ||    54
 Stab: Sleeping          |       |     2 |       |     5 |    29 |    23 |    19 ||    78
       Distracted        |       |       |       |     1 |    12 |     8 |     8 ||    29
       Invisible         |       |       |       |       |       |     1 |       ||     1
Armor: Robe              |     4 |     2 |       |       |       |       |       ||     6
       Leather armour    |       |    85 |   349 |   237 |       |       |       ||   671
       Ring mail         |       |       |       |   147 |   451 |   435 |   264 ||  1297
Dodge: Dodged            |    24 |   136 |   673 |   875 |   754 |   679 |   491 ||  3632
Block: Buckler           |       |       |       |       |   213 |   343 |   272 ||   828
       Reflection        |       |       |       |       |     1 |    22 |    40 ||    63
       Rpst.: Scimitar   |       |       |       |       |   109 |       |       ||   109
       Double sword      |       |       |       |       |    27 |   136 |   119 ||   282

Table legend:
 A = Non-vault XP
 B = Vault XP
 C = Vault XP percentage of total XP
 D = Non-vault monster count
 E = Vault monster count
 F = Vault count percentage of total count
                 A         B        C        D         E       F
            +---------+---------+-------+---------+---------+-------
      Total |  366842 |  291826 |  44.3 |    1089 |     592 |  35.2
            +---------+---------+-------+---------+---------+-------
        D:1 |      37 |       0 |   0.0 |      16 |       0 |   0.0
        D:2 |     154 |       0 |   0.0 |      26 |       0 |   0.0
        D:3 |     140 |       2 |   1.4 |      23 |       1 |   4.2
        D:4 |     167 |      39 |  18.9 |      14 |       2 |  12.5
        D:5 |     285 |       0 |   0.0 |      15 |       0 |   0.0
        D:6 |    1250 |      12 |   1.0 |      44 |       6 |  12.0
        D:7 |    1127 |     226 |  16.7 |      22 |       2 |   8.3
        D:8 |    1801 |       0 |   0.0 |      42 |       0 |   0.0
        D:9 |    1476 |    1976 |  57.2 |      24 |       5 |  17.2
       D:10 |    3615 |    2196 |  37.8 |      37 |      18 |  32.7
       D:11 |    1251 |     814 |  39.4 |      24 |       1 |   4.0
       D:12 |    5663 |     462 |   7.5 |      27 |       1 |   3.6
       D:13 |   10028 |       0 |   0.0 |      35 |       0 |   0.0
       D:14 |    8945 |    3645 |  29.0 |      28 |       7 |  20.0
       D:15 |   13640 |    6077 |  30.8 |      47 |       9 |  16.1
     Lair:1 |    2828 |    1930 |  40.6 |      15 |      18 |  54.5
     Lair:2 |    2123 |     332 |  13.5 |      10 |       2 |  16.7
     Lair:3 |     383 |     247 |  39.2 |       4 |       2 |  33.3
     Lair:4 |    7221 |    3612 |  33.3 |      33 |       9 |  21.4
     Lair:5 |    6731 |    7507 |  52.7 |      20 |      19 |  48.7
     Lair:6 |    6378 |   18834 |  74.7 |      23 |      42 |  64.6
    Swamp:1 |   10267 |    1445 |  12.3 |      33 |       2 |   5.7
    Swamp:2 |   12023 |       0 |   0.0 |      23 |       0 |   0.0
    Swamp:3 |   11886 |   13638 |  53.4 |      31 |       3 |   8.8
    Swamp:4 |   14655 |   22652 |  60.7 |      40 |      29 |  42.0
    Snake:1 |   17710 |    2082 |  10.5 |      33 |       6 |  15.4
    Snake:2 |   19821 |   12378 |  38.4 |      38 |      13 |  25.5
    Snake:3 |    5931 |     595 |   9.1 |       9 |       1 |  10.0
    Snake:4 |   27206 |   51707 |  65.5 |      51 |      73 |  58.9
      Orc:1 |    2291 |       0 |   0.0 |      28 |       0 |   0.0
      Orc:2 |       0 |   27665 | 100.0 |       0 |     147 | 100.0
      Elf:1 |   19626 |    6592 |  25.1 |      34 |      13 |  27.7
      Elf:2 |   19804 |   23564 |  54.3 |      34 |      29 |  46.0
      Elf:3 |    5103 |   16333 |  76.2 |       6 |      10 |  62.5
   Vaults:1 |   22053 |    3898 |  15.0 |      33 |      11 |  25.0
   Vaults:2 |   30588 |   27869 |  47.7 |      49 |      45 |  47.9
   Vaults:3 |   53851 |   27954 |  34.2 |      83 |      50 |  37.6
   Vaults:4 |   18784 |    5405 |  22.3 |      35 |       6 |  14.6
      Sewer |       0 |     138 | 100.0 |       0 |      10 | 100.0
            +---------+---------+-------+---------+---------+-------
